[Event "*** Titled Tuesday Blitz"]
[Site "Chess.com"]
[Date "2020.04.07"]
[Round "4"]
[White "Rish_97"]
[Black "TheBigBoss04"]
[Result "1-0"]
[WhiteElo "2576"]
[BlackElo "2778"]
[TimeControl "180+1"]
[EndTime "13:42:04 PDT"]
[Termination "Rish_97 won by checkmate"]

1. Nf3 c5 2. c4 Nc6 3. Nc3 e5 4. g3 g6 5. Bg2 Bg7 6. O-O Nge7 7. d3 d6 8. a3 O-O 9. Rb1 a5 10. b3 Rb8 11. Bb2 h6 12. Nd2 Be6 13. Nd5 f5 14. f4 Kh7 15. e3 b5 16. Qc2 Qd7 17. Ba1 b4 18. a4 Ng8 19. Rbe1 Nf6 20. Qd1 Ne7 21.
Nxe7 Qxe7 22. fxe5 dxe5 23. Bxe5 Rbd8 24. d4 Bg8 25.
Qa1 Ng4 26. Bxg7 Qxg7 27. h3 Nf6 28. d5 Nh5 29. Qxg7+ Kxg7 30. Kh2 Rfe8 31. e4 fxe4 32.
Nxe4 Rc8 33. g4 Nf6 34. Rxf6 Rxe4 35. Rxg6+ Kxg6 36. Rxe4 Kf6 37. Kg3 Bh7 38. Re6+ Kf7 39. Be4 Bg8 40. Rxh6 Kg7 41. Rg6+ Kf7 42. Re6 Kg7 43. Re5 Kf6 44. Rf5+ Ke7 45. h4 Kd6 46. g5 Re8 47. Kf4 Kd7 48. h5 Bh7 49. Rf7+ Kd6 50. Rf6+ Kd7 51. Bxh7 Re1 52. Bf5+ Kd8 53. Rd6+ Kc7 54.
Rc6+ Kb7 55. Rxc5 Rf1+ 56. Ke5 Rf3 57. d6 Rxb3 58. d7 Re3+ 59. Be4+ Kb6 60. d8=Q+ Kxc5 61. Qd4# 1-0

[Event "*** Titled Tuesday Blitz"]
[Site "Chess.com"]
[Date "2020.04.07"]
[Round "4"]
[White "DanielDardha2005"]
[Black "Coiote53"]
[Result "0-1"]
[WhiteElo "2549"]
[BlackElo "2366"]
[TimeControl "180+1"]
[EndTime "13:42:04 PDT"]
[Termination "Coiote53 won by checkmate"]

1. Nf3 Nf6 2. g3 g6 3. b3 Bg7 4.
Bb2 O-O 5. Bg2 c5 6. c4 Nc6 7.
O-O d5 8. cxd5 Nxd5 9. Bxg7 Kxg7 10. d4 cxd4 11. Nxd4 Nxd4 12. Qxd4+ Nf6 13. Qxd8 Rxd8 14. Nc3 Rb8 15. Rfd1 Bg4 16. h3 Be6 17. f4 b6 18.
Kf2 Rbc8 19. Rxd8 Rxd8 20. Rd1 Rxd1 21. Nxd1 Bd5 22. Bxd5 Nxd5 23. e4 Nb4 24. Nc3 e5 25. Ke3 exf4+ 26. gxf4 Kf6 27. Kd4 Ke6 28. Kc4 Nc6 29.
Kb5 Nb8 30. Nd5 f5 31. Nc3 fxe4 32. Nxe4 Kf5 33. Ng5 h5 34. a4 Kxf4 35. Ne6+ Kg3 36.
Kc4 h4 37. Ng5 Kf4 38. Ne6+ Ke5 39. Ng5 Kf5 40. Nf3 g5 41. Kd3 Kf4 42. Ke2 Nc6 43.
Kf2 Ne5 44. Nd4 Nd3+ 45. Kg2 Nc5 46. Nc6 g4 47. hxg4 Kxg4 48. Nxa7 h3+ 49. Kh2 Nxb3 50.
Nc8 Nd4 51. Nxb6 Nf3+ 52. Kh1 Kg3 53. Nc4 Ne1 54. a5 Nd3 55. a6 Nf2+ 56. Kg1 h2+ 57. Kf1 h1=Q+ 58. Ke2 Qd1+ 59. Ke3 Qd3# 0-1

[Event "*** Titled Tuesday Blitz"]
[Site "Chess.com"]
[Date "2020.04.07"]
[Round "4"]
[White "LiderChessAcademy"]
[Black "reigningmvp"]
[Result "0-1"]
[WhiteElo "2426"]
[BlackElo "2278"]
[TimeControl "180+1"]
[EndTime "13:42:04 PDT"]
[Termination "reigningmvp won on time"]

1. Nf3 Nf6 2. c4 g6 3. d4 Bg7 4. Nc3 d5 5. Bf4 O-O 6. Rc1 Be6 7. e3 dxc4 8. Ng5 Bd5 9. e4 h6 10. exd5 hxg5 11. Bxg5 Nxd5 12. Bxc4 Nb6 13. Bb3 Qxd4 14. Qxd4 Bxd4 15. Nb5 Nc6 16. Rxc6 Bxf2+ 17. Kxf2 bxc6 18. Nxc7 Rac8 19. Na6 c5 20. Bxe7 Rfe8 21. Bxc5 Nd7 22. Bxa7 Ne5 23. Bd4 Nd3+ 24. Kg3 Rcd8 25. Nc7 Re4 26.
Bc3 Re3+ 27. Kh4 Nf4 28. Rf1 Nxg2+ 29. Kg4 Rd7 30. Nd5 Rxc3 31. bxc3 Rxd5 32. Bxd5 Ne3+ 33.
Kh3 Nxf1 34. a4 Ne3 35. Bb3 Nf5 36. a5 Nd6 37. c4 Kf8 38. c5 Nc8 39. Bc4 Ke7 40. Kg4 f6 41. h4 Na7 42. Bd3 Nc6 43.
Bxg6 Nxa5 44. h5 Nb7 45. c6 Nd6 46. Bf5 Kf8 47. c7 Ke7 48. h6 Kf8 49. Be6 f5+ 50.
Kg5 f4 51. Kg6 f3 52. h7 f2 0-1

[Event "*** Titled Tuesday Blitz"]
[Site "Chess.com"]
[Date "2020.04.07"]
[Round "4"]
[White "Zaven_ChessMood"]
[Black "Vuk2000"]
[Result "1-0"]
[WhiteElo "2872"]
[BlackElo "2636"]
[TimeControl "180+1"]
[EndTime "13:42:07 PDT"]
[Termination "Zaven_ChessMood won by resignation"]

1. e4 d5 2. exd5 Qxd5 3. Nc3 Qd6 4. Nf3 Nf6 5. g3 c6 6. Bg2 Bg4 7. O-O e6 8. d4 Qd8 9. h3 Bxf3 10. Qxf3 Bd6 11. Re1 O-O 12. Bd2 Nbd7 13. Rad1 h6 14. Ne2 e5 15. dxe5 Nxe5 16. Qb3 Qb6 17. Bxh6 Bc5 18. Qxb6 axb6 19. Bf4 Ng6 20. a3 Nh5 21. Bc1 b5 22. Bf3 Nf6 23. Nf4 Nxf4 24. Bxf4 Rfe8 25. Rxe8+ Rxe8 26. Kf1 b4 27. axb4 Bxb4 28. c3 Bc5 29. b4 Bb6 30. c4 Bd8 31. b5 cxb5 32. cxb5 Bb6 33. Bxb7 Nh5 34. Bc6 Re6 35. Bd6 Nf6 36.
Rd3 Ne4 37. Bxe4 Rxe4 38. Rb3 g5 39. Bb4 Rd4 40. Ke2 Re4+ 41. Kf3 Re5 42. Bd2 Rf5+ 43. Ke4 Rxf2 44. Bxg5 f5+ 45. Kd5 Rc2 46. Be3 Bc7 47.
Bf4 Bb6 48. Ke6 Kg7 49. Kxf5 Kf7 50. g4 Rc5+ 51. Ke4 Rc4+ 52. Kf3 Kg6 53. Be3 Bc7 54. b6 Bb8 55. b7 Rc7 56. Bf4 Rf7 57. Rb4 Bxf4 58.
Rxf4 Rxb7 59. Kg3 Rb3+ 60. Rf3 Rb5 61. h4 Rb4 62. Rc3 Rd4 63. Rc6+ Kg7 64. g5 Ra4 65.
Rd6 Rb4 66. h5 Rb3+ 67. Kf4 Rb4+ 68. Ke5 Rb5+ 69. Rd5 Rb7 70. Kf5 Rf7+ 71. Ke6 Rb7 72. Rd7+ 1-0

[Event "*** Titled Tuesday Blitz"]
[Site "Chess.com"]
[Date "2020.04.07"]
[Round "4"]
[White "MartinCerveny"]
[Black "THORK"]
[Result "1-0"]
[WhiteElo "2633"]
[BlackElo "2334"]
[TimeControl "180+1"]
[EndTime "13:42:07 PDT"]
[Termination "MartinCerveny won by resignation"]

1. d4 d5 2. c4 Bf5 3. cxd5 Bxb1 4. Rxb1 Qxd5 5. a3 c6 6. Nf3 Nf6 7. e3 Nbd7 8. Be2 e6 9. O-O Bd6 10. Bd2 O-O 11. b4 a6 12. Qc2 Qf5 13. Qxf5 exf5 14. Bd3 g6 15. Rfc1 Nb6 16. g3 Rfe8 17. Bc3 Nfd5 18.
Bd2 Rad8 19. Bc2 Nc4 20. a4 Na3 21. Rb2 Nxc2 22. Rcxc2 Rc8 23. Ne1 b5 24. Nd3 Nb6 25. a5 Nc4 26. Rb3 f6 27. Be1 Bf8 28. Nb2 Nxb2 29.
Rcxb2 Rcd8 30. Rc2 Rd6 31. Kf1 Ree6 32. Rb1 Kf7 33.
Rbc1 Ke8 34. Bc3 Kd7 35. Ke2 Rd5 36. Kd3 g5 37. f3 h5 38. e4 fxe4+ 39. fxe4 Rdd6 40.
Rf1 Bg7 41. Rf5 Re7 42. h3 Rde6 43. Re2 Re8 44. g4 h4 45. Re3 Kc7 46. Re2 R8e7 47. d5 cxd5 48. Rxd5 Rd7 49. Rf2 Rdd6 50. Rf5 Kc6 51.
Bd4 Kd7 52. Rc5 Re5 53. Ke3 Rxf5 54. exf5 Rc6 55. Rd5+ Rd6 56. Ke4 Kc6 57. Rc5+ Kd7 58. Rc2 Rc6 59. Bc5 Ke8 60. Kd5 Rc8 61. Re2+ Kf7 62. Re7+ Kg8 63. Ra7 Rd8+ 64. Ke6 Rd3 65. Rxa6 Rxh3 66. Ra8+ Kh7 67. a6 Ra3 68. a7 h3 69. Bd6 Ra6 70. Kd5 Rxd6+ 71. Kxd6 h2 72. Rh8+ Bxh8 73. a8=Q 1-0

[Event "*** Titled Tuesday Blitz"]
[Site "Chess.com"]
[Date "2020.04.07"]
[Round "4"]
[White "Mr_Sinigami"]
[Black "jamengrand"]
[Result "1/2-1/2"]
[WhiteElo "2603"]
[BlackElo "2177"]
[TimeControl "180+1"]
[EndTime "13:42:08 PDT"]
[Termination "Game drawn - insufficient material"]

1. d4 d5 2. Nf3 Nf6 3. Bf4 e6 4. e3 Bd6 5. Bg3 O-O 6. Nbd2 b6 7. Ne5 c5 8. c3 Qc7 9. Bd3 Nbd7 10. f4 Bb7 11. Qb1 a5 12. a4 Ba6 13. O-O Bxd3 14. Qxd3 Qb7 15. Qb5 Rfd8 16. f5 Bxe5 17. dxe5 Ne4 18.
Nxe4 dxe4 19. fxe6 fxe6 20. Rad1 Nf8 21. Rd6 Rab8 22. Rfd1 Qe7 23. h3 h6 24. Kh2 Kh7 25. Qc6 Rdc8 26. Qxe4+ Kh8 27. Rf1 Rc7 28. Bh4 Qe8 29.
Rfd1 Kg8 30. Rd8 Rxd8 31. Rxd8 Qf7 32. Qf3 Qxf3 33. gxf3 Kf7 34. Rd6 Rd7 35. Rxd7+ Nxd7 36. f4 c4 37. Bf2 Nc5 38. e4 Nxa4 39. Kg3 Nxb2 40. Bxb6 a4 41. Bc5 Nd1 42. Bb4 a3 43. Bxa3 Nxc3 44. Kf3 g5 45. f5 h5 46. Ke3 Nb5 47.
Bb4 Ke8 48. Bd2 Kf7 49. Kf2 g4 50. hxg4 hxg4 51. Kg3 c3 52. Be3 c2 53. Kxg4 Nc3 54. Kf3 Na2 55. Ke2 c1=Q 56. Bxc1 Nxc1+ 57. Ke3 Nb3 58. fxe6+ Kxe6 59. Kd3 Nc5+ 60. Ke3 Kxe5 61. Kf3 Nxe4 1/2-1/2

[Event "*** Titled Tuesday Blitz"]
[Site "Chess.com"]
[Date "2020.04.07"]
[Round "4"]
[White "annamaja"]
[Black "Girkassa"]
[Result "0-1"]
[WhiteElo "2257"]
[BlackElo "2506"]
[TimeControl "180+1"]
[EndTime "13:42:09 PDT"]
[Termination "Girkassa won by resignation"]

1. e4 e5 2. Nf3 Nc6 3. Bb5 a6 4. Ba4 Nge7 5. O-O g6 6. c3 Bg7 7.
d4 exd4 8. cxd4 b5 9. Bb3 O-O 10. Nc3 Na5 11. Bc2 d6 12. Bg5 h6 13. Bf4 Bb7 14.
b3 c5 15. Qd2 g5 16. Be3 Nac6 17.
dxc5 dxc5 18. Rad1 Qa5 19. Nd5 Qxa2 20. Bxc5 Rfe8 21. Bb1 Qxd2 22. Rxd2 Nxd5 23. exd5 Ne5 24. Nxe5 Rxe5 25. Rfd1 Rd8 26. Bd4 Rexd5 27. Be3 Rxd2 28. Rxd2 Rxd2 29. Bxd2 Bd4 30. Ba5 Kg7 31. Bd3 Kf6 32. Kf1 Ke5 33. f3 Bd5 34. b4 Bc3 35. Ke2 Bc4 36.
Bc7+ Kd5 37. Ba5 Bxd3+ 38. Kxd3 Bd4 39. Bd8 Bg1 40. h3 f5 41. Be7 Bb6 42. Bf8 h5 43. g4 hxg4 44. hxg4 Ke5 45. Be7 Kf4 46. gxf5 Kxf5 47.
Bf8 a5 48. Be7 a4 49. Kc3 Kf4 50. Bf6 Bf2 51. Be7 Bh4 52. Kb2 Kxf3 53. Bf6 Kg4 54. Kc3 Kf5 55. Kd4 Kxf6 56. Kc5 Kf5 57. Kxb5 a3 58. Ka4 a2 59. Kb3 a1=Q 60. b5 Qb1+ 0-1

[Event "*** Titled Tuesday Blitz"]
[Site "Chess.com"]
[Date "2020.04.07"]
[Round "4"]
[White "twitchTriniCupid"]
[Black "ferdipy"]
[Result "1-0"]
[WhiteElo "2405"]
[BlackElo "2163"]
[TimeControl "180+1"]
[EndTime "13:42:12 PDT"]
[Termination "twitchTriniCupid won by resignation"]

1. d4 Nf6 2. c4 e6 3. Nf3 Bb4+ 4.
Nbd2 O-O 5. e3 b6 6. Be2 Bb7 7. O-O Be7 8. a3 c5 9. b3 d5 10. dxc5 bxc5 11. cxd5 exd5 12. Bb2 Nbd7 13. Qc2 Rc8 14.
Rac1 Re8 15. Rfd1 Bf8 16. Bd3 g6 17. Qb1 Bg7 18. Qa1 Qb6 19. a4 Nh5 20. Bxg7 Nxg7 21. Bb5 Red8 22. a5 Qxb5 23. Nf1 Qc6 24. Ng3 Qf6 25.
Qa3 a6 26. b4 c4 27. Nd4 Ne6 28. Nde2 Ne5 29. Rc2 h5 30. Nf1 Nd3 31. Nc1 Ne5 32. Qc3 Ng4 33. Qe1 Qe5 34. Ne2 Nf6 35. Nd2 c3 36.
Nf3 Qf5 37. Rxc3 Rxc3 38. Nxc3 Ne4 39. Ne2 Qf6 40. Nfd4 Nxd4 41. Nxd4 Rc8 42. f3 Nc3 43. Rc1 Nb5 44. Rxc8+ Bxc8 45. Nxb5 axb5 46. Qe2 Qc6 47. Qd2 Qc4 48. Kf2 Bf5 49. Kg3 f6 50.
h4 Kf7 51. e4 dxe4 52. Qd6 Qe6 53. Qc7+ Qe7 54. Qb6 Qe5+ 55. f4 Qc3+ 56. Kh2 Bd7 57. Qd6 Qc4 58. Qxd7+ Kg8 59. Qe8+ Kg7 60. f5 e3 61.
Qxg6+ Kf8 62. Qxf6+ Ke8 63. Qe5+ Kd7 64. Qxe3 Qxh4+ 65. Kg1 Qxb4 66. Qe6+ Kc7 67. Qb6+ Kd7 68. Qf2 Qxa5 69.
f6 Qa1+ 70. Kh2 Qe5+ 71. g3 Qe8 72. Qd4+ Ke6 73. Qe3+ Kf7 74. Qg5 Qg8 75. Qd5+ Kxf6 76. Qxg8 1-0

[Event "*** Titled Tuesday Blitz"]
[Site "Chess.com"]
[Date "2020.04.07"]
[Round "4"]
[White "BahadirOzen"]
[Black "SCIM"]
[Result "1/2-1/2"]
[WhiteElo "2751"]
[BlackElo "2483"]
[TimeControl "180+1"]
[EndTime "13:42:13 PDT"]
[Termination "Game drawn - insufficient material"]

1. Nf3 Nf6 2. c4 c5 3. Nc3 d5 4. cxd5 Nxd5 5. e4 Nb4 6. Bc4 Nd3+ 7. Ke2 Nf4+ 8. Kf1 Ne6 9. d3 g6 10. Be3 Bg7 11. Bxe6 Bxe6 12. d4 cxd4 13. Bxd4 O-O 14. Bxg7 Qxd1+ 15. Rxd1 Kxg7 16. Ke2 Nc6 17. Nd4 Nxd4+ 18.
Rxd4 Rac8 19. Rhd1 a6 20. Ke3 b5 21. f3 Rc5 22. a3 a5 23. Nd5 Re8 24. b4 axb4 25.
axb4 Rc2 26. R1d2 Rc1 27. Rd1 Rc6 28. Ra1 Rc2 29. Rd2 Rxd2 30. Kxd2 Bxd5 31. exd5 Rd8 32. Ke3 Rxd5 33. Ra6 e6 34. Rb6 Kf6 35. f4 g5 36.
g3 gxf4+ 37. gxf4 h5 38. Rb7 Kg6 39. h3 Kf6 40. Ke4 Kg6 41. Ke3 h4 42. Ke4 Kf6 43.
Ke3 e5 44. fxe5+ Rxe5+ 45. Kf4 Rf5+ 46. Kg4 Rd5 47. Kxh4 Rd4+ 48. Kg3 Rxb4 49. h4 Rb3+ 50. Kg4 b4 51. h5 Rb1 52. h6 b3 53. Kg3 Kg6 54.
h7 Kxh7 55. Rxf7+ Kg6 56. Rb7 Kf5 57. Kf2 Ke4 58. Ke2 b2 59. Kd2 Rh1 60. Rxb2 Rh2+ 61.
Kc3 Rh3+ 62. Kb4 Kd4 63. Rb3 Rxb3+ 64. Kxb3 1/2-1/2

[Event "*** Titled Tuesday Blitz"]
[Site "Chess.com"]
[Date "2020.04.07"]
[Round "4"]
[White "asms9699"]
[Black "Azeryahu"]
[Result "1/2-1/2"]
[WhiteElo "2615"]
[BlackElo "2857"]
[TimeControl "180+1"]
[EndTime "13:42:14 PDT"]
[Termination "Game drawn by agreement"]

1. c4 e6 2. g3 c5 3. Bg2 Nf6 4. Nf3 b6 5. O-O Bb7 6. b3 Be7 7. Bb2 O-O 8. Nc3 d6 9. d4 cxd4 10. Qxd4 a6 11. Rad1 Nbd7 12. Ng5 Bxg2 13. Kxg2 Qc7 14.
Nge4 Rfd8 15. Nxf6+ Nxf6 16. Kg1 Qc6 17. Rc1 b5 18. cxb5 axb5 19. Rfd1 Qb7 20. a3 d5 21. b4 Rac8 22. Nb1 Bf8 23. Nd2 Ne8 24. Nb3 Nd6 25.
Nc5 Qa8 26. Ra1 Nc4 27. a4 Nxb2 28. Qxb2 Bxc5 29. bxc5 bxa4 30. Qb4 Qc6 31. Rxa4 Qxc5 32. Qxc5 Rxc5 33. Ra7 Rdc8 34. Kg2 g5 35. Rb1 R8c7 36. Rbb7 Rxb7 37. Rxb7 Kg7 38. e3 Kg6 39. Rb4 Rc4 40. Rb7 h5 41. h3 f6 42. Re7 Kf5 43.
Kf3 g4+ 44. hxg4+ hxg4+ 45. Kg2 e5 46. Rd7 Ke4 47. Rd6 f5 48. Re6 Rc2 49. Re8 Ra2 50. Re7 Ra6 51. Re8 Rd6 52. Re7 d4 53. exd4 Rxd4 54.
Re8 Rd5 55. Re7 Kd3 56. Rf7 e4 57. Ra7 Ke2 58. Ra2+ Rd2 59. Ra5 Ke1 60. Ra1+ Rd1 61. Ra5 e3 62. fxe3 Rd2+ 63. Kg1 Ke2 64. Rxf5 Kxe3 65.
Rf4 Rd4 66. Rf1 Ke2 67. Rf4 Ke3 68. Rf8 Kd2 69. Rf4 Kd3 70. Kf2 Re4 71. Rxe4 Kxe4 72. Ke2 Kd4 73. Kd2 1/2-1/2

[Event "*** Titled Tuesday Blitz"]
[Site "Chess.com"]
[Date "2020.04.07"]
[Round "4"]
[White "AnnaChessLook"]
[Black "MathiasWomacka"]
[Result "1/2-1/2"]
[WhiteElo "2233"]
[BlackElo "2423"]
[TimeControl "180+1"]
[EndTime "13:42:14 PDT"]
[Termination "Game drawn - insufficient material"]

1. e4 c5 2. Nf3 d6 3. d4 cxd4 4. Nxd4 Nf6 5. Nc3 a6 6. Be3 e5 7. Nf3 Be7 8. Bc4 O-O 9. O-O Be6 10. Bb3 Nc6 11. Nd2 Na5 12. Bxe6 fxe6 13. f4 exf4 14. Bxf4 Rc8 15. Qe2 Qb6+ 16. Qe3 Qxb2 17. Ne2 Qxc2 18. Qh3 Nc4 19. Qxe6+ Kh8 20. Rac1 Qd3 21. Rxc4 Rxc4 22. Qxc4 Qxc4 23. Nxc4 Nxe4 24. Nd4 d5 25. Ne3 Bc5 26. Nec2 Kg8 27. Be3 Rxf1+ 28. Kxf1 Kf7 29. a3 b5 30. Ke2 g6 31. Kd3 Kf6 32. Nb4 Ke5 33. Nxa6 Bxa3 34. Nf3+ Kd6 35. Bd2 Nxd2 36. Nxd2 Bb2 37. Nb4 Be5 38.
h3 Kc5 39. Nc2 b4 40. Nb3+ Kb5 41. Ncd4+ Ka4 42. Kc2 Ka3 43. Nf3 Bf6 44. Nfd4 Ka4 45.
g4 Be5 46. Nc6 Bf6 47. Ncd4 Be5 48. Nc5+ Ka5 49. Nc6+ Kb5 50. Nxe5 Kxc5 51. Kd3 b3 52. Kc3 b2 53. Kxb2 Kd4 54. Nf7 Ke3 55. Ng5 h6 56.
Nf7 h5 57. Ne5 hxg4 58. hxg4 g5 59. Nf7 Kf4 60. Nxg5 Kxg4 61. Kc3 Kxg5 62. Kd4 Kf5 63. Kxd5 1/2-1/2

[Event "*** Titled Tuesday Blitz"]
[Site "Chess.com"]
[Date "2020.04.07"]
[Round "4"]
[White "Funkmaus"]
[Black "otrov-11"]
[Result "0-1"]
[WhiteElo "2200"]
[BlackElo "2426"]
[TimeControl "180+1"]
[EndTime "13:42:14 PDT"]
[Termination "otrov-11 won by resignation"]

1. d4 Nf6 2. Nf3 d5 3. c4 e6 4. Nc3 b6 5. cxd5 exd5 6. Bg5 Bb7 7. e3 Nbd7 8. Bd3 Be7 9. O-O O-O 10. Rc1 a6 11. a3 g6 12. Qe2 Re8 13. Rfd1 Nf8 14. b4 Ne6 15. Bh4 a5 16. Rb1 axb4 17. axb4 Ne4 18.
Bxe7 Nxc3 19. Bxd8 Nxe2+ 20. Bxe2 Rexd8 21. Ra1 f6 22. Rdc1 Kf7 23. Kf1 Ke7 24. Bd3 Kd6 25. Ke2 c5 26.
bxc5+ bxc5 27. dxc5+ Nxc5 28. Nd4 Rxa1 29. Rxa1 Ra8 30.
Rxa8 Bxa8 31. Kd2 Bc6 32. g3 Bd7 33. h4 f5 34. Bc2 Ke5 35. f4+ Kd6 36. Kc3 Be8 37. Kd2 Ke7 38. Kc3 Kf6 39. Nf3 Nd7 40. Kd4 Bf7 41. Bb3 Nb6 42. Ne5 Bg8 43. Kc5 Nc8 44. Bxd5 Bxd5 45. Kxd5 Ne7+ 46. Kd6 Nc8+ 47. Kd7 Nb6+ 48. Kc6 Na4 49. Kd5 Nc3+ 50. Kd4 Ne4 51. g4 Nf2 52. g5+ Ke7 53. Nc6+ Kf7 54. Ke5 Nd3+ 55. Kd4 Ne1 56. e4 Nf3+ 57. Kd5 Nxh4 58. exf5 Nxf5 59. Ne5+ Kg7 60. Ng4 Ng3 61. Nf6 Ne2 62.
Ke5 Ng3 63. f5 Nxf5 64. Kf4 h6 65. Ne4 h5 66. Nc5 Ne7 67. Ne6+ Kf7 68. Nd4 Nd5+ 69. Ke5 Ne3 70. Ne6 Ng4+ 71. Kd5 h4 72. Nf4 Nf2 73. Kd4 h3 74. Ke3 h2 0-1

[Event "*** Titled Tuesday Blitz"]
[Site "Chess.com"]
[Date "2020.04.07"]
[Round "4"]
[White "Chesswizard_2007"]
[Black "Lysiak_Poltorak"]
[Result "1-0"]
[WhiteElo "2639"]
[BlackElo "2353"]
[TimeControl "180+1"]
[EndTime "13:42:15 PDT"]
[Termination "Chesswizard_2007 won by checkmate"]

1. d4 Nf6 2. c4 e6 3. Nf3 Bb4+ 4. Nbd2 O-O 5. a3 Be7 6. e4 d6 7. Bd3 e5 8. O-O Bg4 9. h3 Bh5 10. Qc2 Nbd7 11. b4 Bg6 12. Bb2 exd4 13. Nxd4 Ne5 14. Be2 c5 15. Nf5 Bxf5 16. exf5 Rc8 17. bxc5 Rxc5 18.
Bd4 Rc8 19. Qb3 Nc6 20. Bb2 d5 21. Qg3 d4 22. Rad1 Qb6 23. Ba1 Rfd8 24. Nf3 Ne4 25. Qf4 Nc3 26. Rde1 Bf6 27. Bd3 Re8 28. Nh2 Be5 29. Qf3 Bxh2+ 30. Kxh2 Ne5 31. Qg3 Qf6 32.
Bc2 Rxc4 33. f4 Rc5 34. fxe5 Rcxe5 35. Rxe5 Qxe5 36. Qxe5 Rxe5 37. Rf4 Rd5 38. Bxc3 dxc3 39. Rc4 Rd8 40. Rxc3 g6 41. f6 b6 42. Rc7 Ra8 43.
Bb3 Rf8 44. Rxa7 h6 45. Kg3 g5 46. Kg4 Kh8 47. Kh5 Kg8 48. Rxf7 Rxf7 49. Kg6 g4 50. hxg4 h5 51. gxh5 b5 52. Bxf7+ Kh8 53. Be8 b4 54. axb4 Kg8 55. Kf5 Kf8 56. Bb5 Kg8 57. Bc4+ Kh8 58. g4 Kh7 59. g5 Kh8 60. Bf1 Kh7 61. b5 Kg8 62. b6 Kh8 63. b7 Kh7 64. Bg2 Kh8 65.
b8=Q+ Kh7 66. Qc7+ Kh8 67. Qg7# 1-0

[Event "*** Titled Tuesday Blitz"]
[Site "Chess.com"]
[Date "2020.04.07"]
[Round "4"]
[White "Stormeman100100"]
[Black "onnoelgersma"]
[Result "1-0"]
[WhiteElo "2479"]
[BlackElo "2303"]
[TimeControl "180+1"]
[EndTime "13:42:15 PDT"]
[Termination "Stormeman100100 won by resignation"]

1. e4 c6 2. d4 d5 3. e5 Bf5 4.
Nd2 e6 5. Nb3 Nd7 6. Nf3 a6 7.
Be2 c5 8. dxc5 Bxc5 9. O-O Ba7 10. Bf4 Ne7 11. c4 O-O 12. Rc1 Rc8 13. Bg3 dxc4 14.
Bxc4 Nc5 15. Nbd4 Bg6 16. b4 Ne4 17. Nxe6 fxe6 18. Bxe6+ Kh8 19. Bxc8 Nxc8 20. Qxd8 Rxd8 21. Rfd1 Rf8 22. e6 Ne7 23. Rc7 Nf5 24. e7 Re8 25.
Rd8 Nfxg3 26. hxg3 Bxf2+ 27. Kf1 Bxg3 28. Rcc8 Nf6 29. Ng5 Kg8 30. Ra8 h6 31. Nf3 Kf7 32. Rxe8 Nxe8 33. Ra7 Bd3+ 34. Kg1 Kxe7 35. Rxb7+ Kf8 36.
a4 Nf6 37. b5 axb5 38. axb5 Be4 39. Ra7 Bf4 40. Kf2 Ng4+ 41. Ke2 Ne3 42. Ra4 Nd5 43. Rxe4 Nc3+ 44. Kd3 Nxe4 45. Kxe4 Bb8 46. Ne5 Ke8 47.
Kf5 Bd6 48. Ke6 Bb8 49. Nc6 Bc7 50. Ne5 g5 51. Ng4 h5 52. Nf6+ Kf8 53. Nxh5 g4 54. Nf6 g3 55. Nd7+ Kg7 56. b6 Bf4 57. b7 Kg6 58.
Ne5+ Kg5 59. b8=Q Bxe5 60. Qxe5+ Kg4 61. Qe4+ Kg5 62. Qf3 Kh4 63. Qf4+ Kh5 64. Qxg3 Kh6 65. Kf6 Kh5 1-0

[Event "*** Titled Tuesday Blitz"]
[Site "Chess.com"]
[Date "2020.04.07"]
[Round "4"]
[White "Azerichess"]
[Black "chito89"]
[Result "1-0"]
[WhiteElo "3009"]
[BlackElo "2781"]
[TimeControl "180+1"]
[EndTime "13:42:16 PDT"]
[Termination "Azerichess won by resignation"]

1. d4 Nf6 2. c4 e6 3. Nc3 Bb4 4.
Qc2 d6 5. Nf3 c5 6. dxc5 dxc5 7.
Bf4 Nc6 8. e3 Qa5 9. Bd3 O-O 10.
O-O Bxc3 11. bxc3 h6 12. e4 Nh5 13. Bd6 e5 14. Bxf8 Kxf8 15. Rfd1 Bg4 16. Be2 Nf4 17. Rd2 Nxe2+ 18. Rxe2 Bxf3 19. gxf3 Qd8 20. Re3 Qh4 21. Qd2 Kg8 22. Rd3 Ne7 23. Rd8+ Rxd8 24. Qxd8+ Kh7 25. Rd1 Qf6 26. Rd3 Qg5+ 27. Kf1 Qc1+ 28. Rd1 Qc2 29. Qd2 Qa4 30. f4 exf4 31. e5 Ng6 32. Qd3 Kh8 33.
Re1 Nf8 34. Kg1 Ne6 35. Qd5 Qxa2 36. Qxb7 Ng5 37. Qb8+ Kh7 38. Qb1+ Qxb1 39. Rxb1 Nf3+ 40. Kg2 Nxe5 41. Rb5 Nd3 42. Rb7 g5 43. Rxf7+ Kg6 44. Rxa7 Kf5 45. Ra6 h5 46. Rd6 Ne1+ 47. Kf1 Nf3 48.
Rd5+ Ke4 49. h3 g4 50. Rxh5 gxh3 51. Rxc5 Nd2+ 52. Kg1 Nf3+ 53. Kh1 Kd3 54. Rc8 Ke2 55. Re8+ Kxf2 56. c5 Nh4 57. c6 f3 58. c7 Nf5 59.
c8=Q Ng3+ 60. Kh2 1-0

[Event "*** Titled Tuesday Blitz"]
[Site "Chess.com"]
[Date "2020.04.07"]
[Round "4"]
[White "FMAntonio"]
[Black "LuckyTiger"]
[Result "1-0"]
[WhiteElo "2557"]
[BlackElo "2715"]
[TimeControl "180+1"]
[EndTime "13:42:20 PDT"]
[Termination "FMAntonio won by checkmate"]

1. d4 Nf6 2. c4 c5 3. d5 b5 4. cxb5 a6 5. bxa6 g6 6. Nc3 Bxa6 7. e4 Qa5 8. Bd2 Bxf1 9. Kxf1 d6 10. Nf3 Bg7 11.
g3 O-O 12. Kg2 Na6 13. a4 Qb6 14. Re1 Nd7 15. Rb1 Nc7 16. b3 Qa6 17. Qc2 Rab8 18. Bg5 Rfe8 19. Nd2 Ne5 20. Red1 Qd3 21. Qxd3 Nxd3 22.
Na2 Nb2 23. Rdc1 f5 24. exf5 gxf5 25. Nc4 Nd3 26. Rd1 Ne5 27. Bf4 Ng6 28. Be3 Ne5 29.
Nxe5 Bxe5 30. b4 cxb4 31. Nxb4 Bc3 32. Nc6 Rxb1 33. Rxb1 Nxd5 34. Rb7 Kf7 35. a5 Rc8 36. Nxe7 Nxe7 37. a6 Ke6 38. a7 Nc6 39. Rc7 Nxa7 40. Rxa7 d5 41. Ra6+ Ke5 42. Kf3 d4 43. Bf4+ Kd5 44.
Rf6 d3 45. Rxf5+ Kc4 46. Rf7 h5 47. Rd7 Rf8 48. Ke4 Re8+ 49. Kf3 Bd4 50. Rc7+ Kb3 51. Rh7 Kc2 52. Rxh5 Re2 53. Rd5 Rxf2+ 54. Ke4 Ba7 55.
Rxd3 Re2+ 56. Be3 Bb6 57. h4 Bc5 58. g4 Bb6 59. h5 Bc5 60. h6 Bb6 61. g5 Rg2 62. Bxb6 Rxg5 63. Be3 Rg4+ 64. Bf4 Rh4 65. Rd6 Kc3 66. Rc6+ Kb4 67. Kf5 Kb5 68. Rc1 Rh5+ 69.
Kg6 Rh4 70. Bg5 Rd4 71. h7 Rd6+ 72. Bf6 Rd7 73. Rb1+ Kc6 74. h8=Q Rd6 75. Qc8+ Kd5 76. Rd1+ Ke4 77. Rxd6 Kf3 78. Qc4 Kg2 79. Rd3 Kh1 80. Qc2 Kg1 81. Rd1# 1-0

[Event "*** Titled Tuesday Blitz"]
[Site "Chess.com"]
[Date "2020.04.07"]
[Round "4"]
[White "nomessi"]
[Black "Malev212"]
[Result "1-0"]
[WhiteElo "2339"]
[BlackElo "2589"]
[TimeControl "180+1"]
[EndTime "13:42:21 PDT"]
[Termination "nomessi won on time"]

1. e4 e5 2. Nf3 Nc6 3. Bb5 Bc5 4. O-O d6 5. c3 Bd7 6. d4 Bb6 7. h3 Nge7 8. Re1 O-O 9. Bc4 h6 10. Be3 Ng6 11. Nbd2 Kh8 12. a4 a6 13. Bd3 exd4 14. cxd4 Nb4 15. Bb1 d5 16. e5 a5 17.
Nf1 f5 18. exf6 Qxf6 19. Ne5 Bf5 20. Bxf5 Qxf5 21. Ng3 Qe6 22. Qb3 Nxe5 23. dxe5 c5 24. f4 c4 25. Qc3 Bxe3+ 26. Qxe3 Nc2 27. Qf2 Nxa1 28. Rxa1 Rad8 29. Qd4 Qg6 30. Kh2 Qd3 31. Rd1 Qxd4 32. Rxd4 g6 33. Ne2 h5 34. g3 Kg7 35.
Nc3 Rfe8 36. g4 hxg4 37. hxg4 g5 38. Kg3 gxf4+ 39. Kxf4 Rf8+ 40. Kg5 Rfe8 41. Kf4 Rd7 42. Rxd5 Rxd5 43. Nxd5 Rf8+ 44. Nf6 Rc8 45. Ne4 Rd8 46. e6 Rd1 47. Ke5 Kf8 48. Nd6 Ke7 49. Nf5+ Ke8 50.
g5 Rg1 51. Kf6 Rg2 52. g6 1-0

[Event "*** Titled Tuesday Blitz"]
[Site "Chess.com"]
[Date "2020.04.07"]
[Round "4"]
[White "VinzentSpitzl"]
[Black "JozefKneht"]
[Result "1/2-1/2"]
[WhiteElo "2363"]
[BlackElo "2580"]
[TimeControl "180+1"]
[EndTime "13:42:21 PDT"]
[Termination "Game drawn - insufficient material"]

1. e4 e5 2. Nf3 Nc6 3. Bb5 a6 4. Ba4 Nf6 5. O-O Nxe4 6. d4 b5 7. Bb3 d5 8. dxe5 Be6 9. Nbd2 Nc5 10. c3 Be7 11. Bc2 Bg4 12. h3 Bh5 13. Qe2 O-O 14.
g4 Bg6 15. Nb3 Ne6 16. Nbd4 Ncxd4 17. Nxd4 c5 18. Nc6 Qd7 19. Nxe7+ Qxe7 20. f4 Bxc2 21. Qxc2 Qh4 22. Kg2 d4 23. f5 Ng5 24. Bxg5 Qxg5 25.
cxd4 cxd4 26. Qd3 Rad8 27. Rad1 h5 28. Qd2 Qh4 29. Qf4 d3 30. g5 Qxf4 31. Rxf4 Rfe8 32. Re4 Rd5 33. e6 Rxf5 34. exf7+ Kxf7 35. Rxe8 Kxe8 36.
Rxd3 Rxg5+ 37. Kf3 Rf5+ 38. Kg3 Kf7 39. Rd6 Rf6 40. Rd7+ Kg6 41. Rd5 Kh6 42. Rc5 g5 43. Rd5 Kg6 44. Rc5 Rd6 45. Rc3 Kf5 46. Rc5+ Kf6 47.
Rc3 Ke5 48. Re3+ Kf5 49. Rc3 Ke4 50. Rc5 Rd5 51. Rc6 Rd3+ 52. Kg2 Rd2+ 53. Kg3 Rxb2 54. Rxa6 h4+ 55. Kg4 Rg2+ 56. Kh5 Rg3 57. a4 b4 58. Rb6 b3 59. a5 Kd5 60. a6 b2 61. Rxb2 Ra3 62.
Rb6 Rxh3 63. Kxg5 Ra3 64. Kxh4 Kc5 65. Rg6 Kb5 66. Kg5 Rxa6 67. Rxa6 Kxa6 1/2-1/2